 Dungeon Crawl Stone Soup version 0.30-a0-748-ge6a52f7cba (webtiles) character file.

Game seed: 5228177864944534262

81 mopl the Sneak (level 4, -1/23 HPs)
             Began as a Vine Stalker Brigand on Feb 8, 2023.
             Slain by an orc
             ... wielding a +0 morningstar
              (4 damage)
             ... on level 3 of the Dungeon.
             The game lasted 00:01:46 (1376 turns).

mopl the Sneak (Vine Stalker Brigand)               Turns: 1376, Time: 00:01:47

Health: -1/23      AC:  3    Str: 13    XL:     4   Next: 42%
Magic:  0/5        EV: 11    Int: 11    God:
Gold:   124        SH:  0    Dex: 18    Spells: 3/3 levels left

rFire   . . .      SeeInvis .    a - +2 dagger
rCold   . . .      Faith    .    (no shield)
rNeg    . . .      Spirit   +    b - +0 robe
rPois   .          Reflect  .    q - +0 hat
rElec   .          Harm     .    c - +0 cloak
rCorr   .          Rampage  .    (no gloves)
Will    .....                    (no boots)
Stlth   +++                      (no amulet)
HPRegen 1.03/turn                (no ring)
MPRegen 0.09/turn                (no ring)

@: no status effects
A: fangs 2, regeneration 1, magic shield, antimagic bite, no potion heal 2
a: no special abilities


You were on level 3 of the Dungeon.
You visited 1 branch of the dungeon, and saw 3 of its levels.

You collected 138 gold pieces.
You spent 14 gold pieces at shops.

Inventory:

Hand Weapons
 a - a +2 dagger (weapon)
Missiles
 d - 11 poisoned darts (quivered)
 e - 3 curare-tipped darts
Armour
 b - a +0 robe (worn)
 c - a +0 cloak (worn)
 q - a +0 hat (worn)
Scrolls
 i - a scroll of enchant weapon {unknown}
 j - 2 scrolls of immolation {unknown}
 l - 3 scrolls of teleportation {unknown}
 m - a scroll of identify {unknown}
 o - a scroll of fear {unknown}
 p - a scroll of poison {unknown}
Potions
 f - a potion of flight {unknown}
 g - 2 potions of curing {unknown}
 h - a potion of cancellation {unknown}
 k - a potion of lignification {unknown}
 n - 2 potions of heal wounds {unknown}


   Skills:
 - Level 1.7 Fighting
 + Level 2.8 Short Blades
 + Level 2.7 Throwing
 - Level 0.7 Dodging
 + Level 5.7 Stealth


You had 3 spell levels left.
You didn't know any spells.
Your spell library was empty.

Dungeon Overview and Level Annotations

Branches:
Dungeon (3/15)

Altars:

Shops:
D:1 (


Innate Abilities, Weirdness & Mutations

You have extremely sharp teeth.
Your natural rate of healing is unusually fast.
When hurt, damage is shared between your health and your magic reserves.
Your bite disrupts and absorbs the magic of your enemies.
Potions cannot restore your health.


Message History

You barely miss the orc. Your bite misses the orc.
The orc hits you with a +0 morningstar. The orc closely misses you.
You hit the orc but do no damage. You bite the orc, but do no damage.
The orc hits you with a +0 morningstar! The orc hits you with a +0 flail.
* * * LOW HITPOINT WARNING * * *
You are too injured to fight recklessly!
You are too injured to fight recklessly!
You are too injured to fight recklessly!
You are too injured to fight recklessly!
You are too injured to fight recklessly!
You are too injured to fight recklessly!
You are too injured to fight recklessly!
You are too injured to fight recklessly!
You are too injured to fight recklessly!
You are too injured to fight recklessly!
You are too injured to fight recklessly!
You are too injured to fight recklessly!
You are too injured to fight recklessly!
You are too injured to fight recklessly!
You hit the orc. Your bite misses the orc.
The orc is moderately wounded.
The orc hits you with a +0 flail.
* * * LOW HITPOINT WARNING * * *
The orc hits you with a +0 morningstar.
* * * LOW HITPOINT WARNING * * *
You closely miss the orc. You bite the orc. You drain its power.
You feel invigorated.
The orc is heavily wounded.
The orc barely misses you. x2
You hit the orc but do no damage. You bite the orc, but do no damage.
The orc is heavily wounded.
You barely miss the orc.
The orc is heavily wounded.
The orc hits you but does no damage. The orc misses you.
You hit the orc.
The orc is almost dead.
The orc hits you with a +0 flail.
* * * LOW HITPOINT WARNING * * *
The orc hits you with a +0 morningstar!
You die...

###### #....# #....#
#....# # .. ##....# ###.#
... ##...o@######....##
...#####..###o##.........#
...........#
##o<..#<.....#
..#........#
#..........#.# ...
#.....###w.#..#####..#
#.##.....##...†)### .# #.
#................... #.
###.................
..##..<.....>..#.......


You could see a worm and 3 orcs.

Vanquished Creatures
  2 adders (D:2)
  3 dart slugs (D:1)
  2 orcs (D:3)
  4 endoplasms
  2 giant cockroaches (D:1)
  2 goblins
  3 hobgoblins
  9 kobolds
  5 quokkas
  8 ball pythons
  6 bats
  2 frilled lizards
  5 rats
53 creatures vanquished.

Notes
Turn   | Place    | Note
-------+----------+-------------------------------------------
     0 | D:1      | mopl the Vine Stalker Brigand began the quest for the Orb.
     0 | D:1      | Reached XP level 1. HP: 11/11 MP: 2/2
    76 | D:1      | Reached skill level 2 in Short Blades
    76 | D:1      | Reached skill level 5 in Stealth
    80 | D:1      | Reached skill level 2 in Throwing
    81 | D:1      | Reached XP level 2. HP: 10/15 MP: 3/3
   273 | D:1      | Found Imedgh's Weapon Boutique.
   293 | D:1      | Reached XP level 3. HP: 12/18 MP: 2/4
   315 | D:1      | Bought 2 poisoned darts for 14 gold pieces
   393 | D:1      | Found a faded altar of an unknown god.
   915 | D:2      | Gained mutation: Your natural rate of healing is unusually
                  | fast. [Vine Stalker growth]
   915 | D:2      | Reached XP level 4. HP: 23/23 MP: 5/5
  1372 | D:3      | HP: 1/23 [orc/+0 morningstar (1)]
  1376 | D:3      | Slain by an orc

Illustrated notes

Levels and vault maps discovered:
D:1:      sevenhm_arrival_forest_fort_large_2, layout_basic,
          ebering_ecumenical_altar_box, serial_shops,
          nicolae_shop_bloodbath_and_beyond, st_stairs_12, chequers_garden,
          minmay_misc_feat_secret_circle
D:2:      layout_basic, chequers_serial_rivers_room_a
D:3:      layout_rooms, nicolae_qazlal_style_of_elements,
          kennysheep_generic_room_7

Skill      XL: |  1 |
---------------+----+-----
Short Blades   | 2 |  2.8
Stealth        | 5 |  5.7
Throwing       | 2 |  2.7
Fighting       | |  1.7
Dodging        | |  0.7

Action                     |  1- 3 |  4- 6 || total
---------------------------+-------+-------++-------
  Melee: Dagger            |    97 |    38 ||   135
         Bite              |    23 |    10 ||    33
         Punch             |       |     2 ||     2
   Stab: Sleeping          |     4 |     2 ||     6
         Distracted        |     1 |       ||     1
 Armour: Robe              |    23 |    11 ||    34
  Dodge: Dodged            |    53 |    33 ||    86

Table legend: (Time is in decaauts)
 A = Elapsed time spent in this place.
 B = Non-inter-level travel time spent in this place.
 C = Inter-level travel time spent in this place.
 D = Time resting spent in this place.
 E = Time spent auto-exploring this place.
 F = Levels seen in this place.
 G = Mean time per level.
                   A        B        C        D        E       F      G
               +--------+--------+--------+--------+--------+-----+--------+
         Total |   1359 |   1272 |     87 |     42 |    912 |   3 |  453.0 |
       Dungeon |   1359 |   1272 |     87 |     42 |    912 |   3 |  453.0 |
               +--------+--------+--------+--------+--------+-----+--------+

Top non-repeatable levels by time:
     D:2: 681 daAuts
     D:1: 616 daAuts
     D:3: 61 daAuts
